 Dungeon Crawl Stone Soup version 0.27.0-66-gdc8fb28755 (webtiles) character file.

Game seed: 36993293032152309

15293 bobkasz the Slicer (level 12, -4/100 HPs)
             Began as a Palentonga Fighter on Aug 19, 2021.
             Was a Believer of Dithmenos.
             Slain by a very large slime creature (55 damage)
             ... on level 10 of the Dungeon on Aug 20, 2021.
             The game lasted 00:59:55 (13398 turns).

bobkasz the Slicer (Palentonga Fighter)            Turns: 13398, Time: 00:59:55

Health: -4/100     AC: 29    Str: 27    XL:     12   Next: 0%
Magic:  12/12      EV:  7    Int:  9    God:    Dithmenos [**....]
Gold:   502        SH: 13    Dex: 21    Spells: 11/11 levels left

rFire    + . .     SeeInvis +   N - +10 dagger of the Shallot {vorpal, Str+3 Dex+5}
rCold    . . .     Faith    .   c - +0 kite shield
rNeg     . . .     Spirit   .   M - +5 plate armour of Barnacled Awe {rF+}
rPois    .         Reflect  .   b - +2 hat
rElec    .         Harm     .   (no cloak)
rCorr    +         Rampage  .   f - +2 pair of gloves
Will     .....                  (no barding)
Stlth    ..........             (no amulet)
HPRegen  0.26/turn              u - ring of resist corrosion
MPRegen  0.13/turn              A - +6 ring of dexterity

@: wreathed by umbra, curled up
A: large, rugged brown scales 3, see invisible, deformed body, roll 1, armoured
tail, reflexive curl
a: Rolling Charge, Renounce Religion, Shadow Step


You were on level 10 of the Dungeon.
You worshipped Dithmenos.
Dithmenos was pleased with you.
You visited 2 branches of the dungeon, and saw 12 of its levels.

You collected 502 gold pieces.

Inventory:

Hand Weapons
 i - a +0 hunting sling
 o - a +1 hand crossbow of freezing
 N - the +10 dagger of the Shallot (weapon) {vorpal, Str+3 Dex+5}
   (You took it off an orc on level 4 of the Dungeon)

   It inflicts extra damage upon your enemies.
   Str:       It affects your strength (+3).
   Dex:       It affects your dexterity (+5).
Missiles
 g - a throwing net
 p - 6 atropa-tipped darts
 G - 52 poisoned darts
 J - 14 boomerangs
Armour
 b - a +2 hat (worn)
 c - a +0 kite shield (worn)
 f - a +2 pair of gloves (worn)
 t - +2 swamp dragon scales
 M - the +5 plate armour of Barnacled Awe (worn) {rF+}
   (You took it off an orc warrior on level 4 of the Dungeon)

   rF:        It protects you from fire.
 O - a +2 chain mail
Magical Staves
 h - a staff of death
Jewellery
 j - a ring of positive energy
 u - a ring of resist corrosion (left hand)
 v - a ring of ice
 w - a ring of fire
 A - a +6 ring of dexterity (right hand)
Wands
 e - a wand of paralysis (8)
 k - a wand of flame (9)
Scrolls
 l - 2 scrolls of amnesia
 q - a scroll of magic mapping {unknown}
 r - 2 scrolls of vulnerability
 y - 2 scrolls of acquirement {unknown}
 z - a scroll of silence {unknown}
 C - a scroll of fear
 D - a scroll of enchant armour {unknown}
 H - 2 scrolls of immolation {unknown}
 I - 2 scrolls of noise {unknown}
 Q - a scroll of fog {unknown}
 W - a scroll of torment {unknown}
 X - 2 scrolls of identify
 Z - a scroll of blinking {unknown}
Potions
 a - a potion of mutation {unknown}
 d - 2 potions of lignification
 m - 2 potions of magic {unknown}
 n - 6 potions of flight
 s - 2 potions of berserk rage {unknown}
 x - 4 potions of haste
 B - a potion of ambrosia {unknown}
 K - a potion of invisibility {unknown}
 P - a potion of degeneration {unknown}
 T - 2 potions of curing
 V - 2 potions of heal wounds {unknown}
 Y - 2 potions of might


   Skills:
 + Level 8.5 Fighting
 + Level 10.6 Short Blades
 + Level 2.8 Maces & Flails
 + Level 8.5 Armour
 + Level 2.9 Dodging
 + Level 1.0 Stealth
 + Level 8.7 Shields


You had 11 spell levels left.
You didn't know any spells.
Your spell library contained the following spells:

 Spells                   Type           Power      Damage    Failure   Level
 Animate Skeleton         Necr           0%         N/A       99%         1
 Apportation              Tloc           0%         N/A       99%         1
 Corona                   Hex            0%         N/A       99%         1
 Summon Small Mammal      Summ           0%         N/A       99%         1
 Ensorcelled Hibernation  Hex/Ice        0%         N/A       99%         2
 Slow                     Hex            0%         N/A       99%         2
 Call Canine Familiar     Summ           0%         N/A       100%        3
 Confusing Touch          Hex            0%         N/A       100%        3
 Ozocubu's Armour         Ice            0%         N/A       100%        3
 Portal Projectile        Hex/Tloc       0%         N/A       100%        3
 Stone Arrow              Conj/Erth      0%         3d7       100%        3
 Tukima's Dance           Hex            0%         N/A       100%        3
 Animate Armour           Summ/Erth      0%         N/A       100%        4
 Leda's Liquefaction      Hex/Erth       0%         N/A       100%        4
 Metabolic Englaciation   Hex/Ice        0%         N/A       100%        5
 Yara's Violent Unravell  Hex/Tmut       0%         3d3       100%        5
 Simulacrum               Ice/Necr       0%         N/A       100%        6
 Lehudib's Crystal Spear  Conj/Erth      0%         10d2      100%        8


Dungeon Overview and Level Annotations

Branches:
Dungeon (11/15)            Temple (1/1) D:7            Lair (0/6) D:10
    Orc: D:9-12

Altars:
Ashenzari
Cheibriados
Dithmenos
Elyvilon
Fedhas
Gozag
Hepliaklqana
Kikubaaqudgha
Makhleb
Nemelex Xobeh
Okawaru
Qazlal
Ru
Sif Muna
Trog
Uskayaw
Vehumet
Wu Jian
Xom
Yredelemnul
Zin
The Shining One
Beogh

Shops:
D:4 [*   D:6 ?   D:9 =


Innate Abilities, Weirdness & Mutations

You are completely covered in rugged brown scales. (AC +3, +7% HP)
You have supernaturally acute eyesight. (SInv)
Armour fits poorly on your strangely shaped body.
You can roll at nearby foes to attack.
You have a long armoured tail.
You curl defensively after being hit.


Message History

Increase (S)trength, (I)ntelligence, or (D)exterity?
You feel stronger.
You feel agile.
The slime creature quivers. x2
There is an open door here.
You hit the slime creature.
The slime creature is lightly wounded.
You hit the slime creature.
The slime creature is moderately wounded.
You puncture the slime creature! You tail-slap the slime creature.
The slime creature is heavily wounded.
Two slime creatures merge to form a large slime creature.
You puncture the large slime creature! You tail-slap the large slime creature.
The large slime creature is moderately wounded.
You puncture the large slime creature!
The large slime creature is heavily wounded.
You puncture the large slime creature!
Your tail-slap misses the large slime creature.
The large slime creature is heavily wounded.
The large slime creature hits you!!
You puncture the large slime creature! You tail-slap the large slime creature.
The large slime creature is severely wounded.
You are too injured to fight recklessly!
You are too injured to fight recklessly!
You are too injured to fight recklessly!
You puncture the large slime creature!
Your tail-slap misses the large slime creature.
The large slime creature is severely wounded.
Two slime creatures merge to form a very large slime creature.
A very large slime creature splits.
A large slime creature splits.
Two slime creatures merge to form a large slime creature.
Two slime creatures merge to form a very large slime creature.
There is an open door here.
You puncture the very large slime creature!
The very large slime creature is heavily wounded.
You puncture the very large slime creature!
The very large slime creature is heavily wounded.
The very large slime creature hits you!!!
Ouch! That really hurt!
You die...

.................................
.####........##..................
.# #...#....##.........###......
.####...#....##.........# #......
........#...............###......
######..#..######..............##
#....#..#..#....#...#.######'#...
#....#..#..#....#.....#......#...
#....#.....#....@J....#......#...
#....#+#####....#######......####
#...............##...............
................##...##......##..
#.P..P..........##...##......##..
P..........#....##...##......##..
.P.....P..P.....##...##......##..
..P..........P..##...##..........
.P......P....P..##...##..........


You could see a very large slime creature.

Vanquished Creatures
  Fannar (D:10)
  Harold (D:7)
  3 two-headed ogres
  Erica (D:10)
  Pikel (D:5)
  The ghost of molind the Magician, a novice DjFE (D:4)
  A manticore (D:8)
  Maggie (D:6)
  A komodo dragon (D:10)
  Prince Ribbit (D:6)
  Grinder (D:4)
  A slime creature (D:10)
  A vampire (D:10)
  Sigmund (D:5)
  17 yaks
  4 wraiths
  Grum (D:8)
  2 steam dragons
  2 acid dragons
  Duvessa (D:7)
  8 water moccasins
  4 black bears
  An ice beast (D:7)
  An orc warrior (D:4)
  2 necrophages
  A sky beast (D:6)
  3 centaurs
  2 wolves (D:8)
  An ogre (D:3)
  A phantom (D:6)
  2 kobold brigands (D:9)
  7 bullfrogs
  2 scorpions
  A water moccasin zombie (D:6)
  A gnoll sergeant (D:9)
  A wyvern zombie (D:6)
  Dowan (D:7)
  A wyvern skeleton (D:6)
  6 killer bees (D:8)
  14 wights
  4 howler monkeys
  A bullfrog zombie (D:5)
  3 centaur zombies
  A hound (D:4)
  3 orc priests
  A bullfrog skeleton (D:5)
  A jelly (D:5)
  2 centaur skeletons
  A gnoll shaman (D:6)
  4 iguanas
  3 orc wizards
  A hound zombie (D:5)
  2 hound skeletons (D:4)
  9 gnolls
  7 adders
  3 white imps
  An ufetubus (D:6)
  An adder skeleton (D:4)
  A worm (D:2)
  2 dart slugs
  23 orcs
  8 endoplasms
  4 giant cockroaches
  7 goblins
  10 hobgoblins
  7 jackals
  4 quokkas
  7 ball pythons
  3 bats
  3 frilled lizards
  14 kobolds
  6 rats
250 creatures vanquished.

Vanquished Creatures (others)
  40 fungi (D:10)
  24 plants (D:10)
64 creatures vanquished.

Grand Total: 314 creatures vanquished

Notes
Turn   | Place    | Note
-------+----------+-------------------------------------------
     0 | D:1      | bobkasz the Palentonga Fighter began the quest for the Orb.
     0 | D:1      | Reached XP level 1. HP: 19/19 MP: 1/1
   138 | D:1      | Reached XP level 2. HP: 25/25 MP: 2/2
   346 | D:1      | Found a faded altar of an unknown god.
  1253 | D:2      | Reached XP level 3. HP: 31/31 MP: 3/3
  1269 | D:2      | Reached XP level 4. HP: 17/37 MP: 4/4
  1926 | D:2      | Reached skill level 1 in Short Blades
  2526 | D:3      | Reached XP level 5. HP: 44/44 MP: 5/5
  2662 | D:3      | Noticed an ogre
  2670 | D:3      | Killed an ogre
  2671 | D:3      | Reached skill level 2 in Short Blades
  3319 | D:4      | Reached XP level 6. HP: 23/51 MP: 6/6
  3606 | D:4      | Noticed Grinder
  3624 | D:4      | Paralysed by Grinder for 7 turns
  3633 | D:4      | Killed Grinder
  3634 | D:4      | Reached skill level 3 in Short Blades
  4005 | D:4      | Reached skill level 1 in Dodging
  4005 | D:4      | Gained mutation: You curl defensively after being hit.
                  | [Palentonga growth]
  4005 | D:4      | Reached XP level 7. HP: 47/57 MP: 7/7
  4137 | D:4      | Found a broken altar of Ashenzari.
  4142 | D:4      | Found a glowing silver altar of Zin.
  4144 | D:4      | Found a basalt altar of Yredelemnul.
  4145 | D:4      | Found a shimmering altar of Xom.
  4145 | D:4      | Found an ancient bone altar of Kikubaaqudgha.
  4145 | D:4      | Found a shimmering blue altar of Sif Muna.
  4146 | D:4      | Found an ornate altar of the Wu Jian Council.
  4149 | D:4      | Found a white marble altar of Elyvilon.
  4150 | D:4      | Found a sacrificial altar of Ru.
  4476 | D:4      | Found Zumoban's Antique Armour Boutique.
  4486 | D:4      | Found Ejuowol's Lightly-Used Armoury.
  4871 | D:5      | Entered Level 5 of the Dungeon
  4880 | D:5      | Reached skill level 4 in Short Blades
  4914 | D:5      | Found a runed translucent gate.
  4915 | D:5      | Noticed molind's ghost (novice DjFE)
  5220 | D:5      | Reached skill level 5 in Short Blades
  5243 | D:5      | Noticed Pikel
  5448 | D:5      | Killed Pikel
  5449 | D:5      | Reached skill level 5 in Fighting
  5449 | D:5      | Reached skill level 5 in Armour
  5449 | D:5      | Reached XP level 8. HP: 29/66 MP: 8/8
  5458 | D:5      | Noticed Sigmund
  6036 | D:5      | Reached skill level 6 in Short Blades
  6194 | D:5      | Found a runed translucent gate.
  6194 | D:5      | Identified the +5 plate armour of Barnacled Awe {rF+}
  6195 | D:5      | Found a runed translucent gate.
  6196 | D:5      | Identified the +10 dagger of the Shallot {vorpal, Str+3
                  | Dex+5}
  6299 | D:5      | Killed Sigmund
  6642 | D:4      | Killed molind's ghost
  6643 | D:4      | Reached XP level 9. HP: 63/73 MP: 9/9
  7105 | D:6      | Reached skill level 7 in Short Blades
  7124 | D:6      | Noticed Maggie
  7145 | D:6      | Killed Maggie
  7477 | D:6      | Reached skill level 5 in Shields
  7698 | D:6      | Found Esokudol's Magic Scroll Shoppe.
  7743 | D:6      | Noticed Prince Ribbit
  7750 | D:6      | Killed Prince Ribbit
  8212 | D:7      | Reached skill level 8 in Short Blades
  8225 | D:7      | Reached XP level 10. HP: 82/82 MP: 10/10
  8408 | D:7      | Noticed a two-headed ogre
  8415 | D:7      | Killed a two-headed ogre
  8585 | D:7      | Found a staircase to the Ecumenical Temple.
  8614 | D:7      | Paralysed by a centaur for 3 turns
  8654 | D:7      | Reached skill level 9 in Short Blades
  8672 | D:7      | Noticed Harold
  8693 | D:7      | Killed Harold
  8701 | Temple   | Entered the Ecumenical Temple
  8787 | Temple   | Became a worshipper of Dithmenos the Shadowed
  9043 | D:7      | Noticed Dowan
  9057 | D:7      | Killed Dowan
  9058 | D:7      | Noticed Duvessa
  9072 | D:7      | Killed Duvessa
  9795 | D:8      | Reached XP level 11. HP: 83/89 MP: 11/11
  9826 | D:8      | Noticed Grum
  9844 | D:8      | Reached skill level 1 in Stealth
 10120 | D:8      | Killed Grum
 10226 | D:8      | Noticed a two-headed ogre
 10232 | D:8      | Killed a two-headed ogre
 10233 | D:8      | Reached skill level 10 in Short Blades
 10351 | D:8      | Found a snail-covered altar of Cheibriados.
 10549 | D:9      | Reached * piety under Dithmenos
 10661 | D:9      | Found Jezootaav's Jewellery Shoppe.
 11704 | D:10     | Entered Level 10 of the Dungeon
 11959 | D:10     | Noticed a two-headed ogre
 11990 | D:10     | Killed a two-headed ogre
 12059 | D:10     | Reached ** piety under Dithmenos
 12264 | D:10     | Found a staircase to the Lair.
 12567 | D:10     | Noticed Erica
 12576 | D:10     | Killed Erica
 12775 | D:11     | Noticed Fannar
 12776 | D:11     | Noticed a two-headed ogre
 13315 | D:10     | Killed Fannar
 13364 | D:10     | Reached XP level 12. HP: 76/100 MP: 12/12
 13398 | D:10     | Slain by a very large slime creature

Illustrated notes

Levels and vault maps discovered:
D:1:      tarquinn_simple_flora_water_e, layout_loops_ring,
          shapermc_ecumenical_altar_ellora, nrook_mini_backslash
D:2:      layout_basic, due_unseen_surprise
D:3:      layout_loops_cross, kennysheep_potato
D:4:      layout_loops_corners, minitemple, serial_shops, shop,
          minmay_shop_damaged, amcnicky_mini_pool_small, uniq_grinder
D:5:      layout_cave_pools, biasface_ghost_orc_armoury, nrook_uturn,
          uniq_sigmund, uniq_pikel
D:6:      layout_gridville, serial_shops, kennysheep_little_box,
          minmay_chambers_of_fives, uniq_maggie, uniq_prince_ribbit1
D:7:      layout_basic, minmay_temple_entry_junction_2, uniq_duvessa,
          uniq_harold
D:8:      layout_rooms, mainiacjoe_overflow_chevrons, uniq_grum
D:9:      layout_big_octagon, grunt_decor_mini_mirrors,
          minmay_shop_enchanted_jewellery
D:10:     layout_stronghold, due_lair_maze_entry_diamond, uniq_erica
D:11:     layout_cave_pods, david_orc_3, uniq_fannar
Temple:   minmay_temple_bridge_abc

Skill      XL: |  1  2  3  4  5  6  7  8  9 10 11 |
---------------+----------------------------------+-----
Shields        | 3 4 5 7 8 |  8.7
Armour         | 3 5 6 7 8 |  8.5
Short Blades   | 1 2 3 5 6 8 9 10 | 10.6
Fighting       | 4 5 6 7 8 |  8.5
Dodging        | 1 2 |  2.9
Stealth        | 1 |  1.0
Maces & Flails | |  2.8

Action                   |  1- 3 |  4- 6 |  7- 9 | 10-12 || total
-------------------------+-------+-------+-------+-------++-------
Melee: Flail             |    36 |       |       |       ||    36
       Tailslap          |     6 |    19 |    60 |   129 ||   214
       Short sword       |    44 |   147 |   139 |       ||   330
       Dagger            |       |       |   156 |   483 ||   639
 Abil: Rolling Charge    |       |       |       |     3 ||     3
  Use: Potion            |       |     2 |       |       ||     2
       Scroll            |       |       |     9 |     2 ||    11
Armor: Scale mail        |    31 |    63 |    44 |       ||   138
       Chain mail        |       |       |    25 |       ||    25
       Plate armour      |       |       |    48 |   177 ||   225
Dodge: Dodged            |    17 |    28 |    51 |    63 ||   159
Block: Kite shield       |    39 |    58 |   133 |   215 ||   445
